AoeStats
← m.rionegro

MegaRandom

507824392Analyzed
3v3 RM · 13d ago on Sep 19, 2026· 35m 52s· 6 players
Game mode
Random Map
Map size
Normal (6 player)
Population
200
Speed
Normal
Resources
Standard
Victory
Conquest
Starting age
Dark Age
Ending age
Imperial Age
RankedLock teamsTeams togetherTeam positionsShared explorationLock speedFull tech treeHidden civsTurbo modeCheats
Victory
Defeat
🇪🇸 Teutons · Spain
964
+10
🇪🇸 Bulgarians · Spain
881
+13
🇪🇸 Koreans · Spain
675
+20
811
-15
🇺🇸 Japanese · United States
801
-14
🇦🇷 Persians · Argentina
796
-14
M Musashi
0:27 Loom
9:04 Feudal Age
9:47 Double-Bit Axe
9:52 Town Watch
11:12 Horse Collar
13:46 Wheelbarrow
15:57 Bloodlines
17:16 Forging
17:19 Man-at-Arms
19:40 Scale Mail Armor
HEAD__SHOT
0:36 Loom
10:43 Feudal Age
12:02 Wheelbarrow
11:18 Double-Bit Axe
11:15 Horse Collar
11:28 Gold Mining
20:23 Castle Age
22:01 Hand Cart
22:15 Stone Mining
25:08 Stone Shaft Mining
26:15 Fletching
26:27 Padded Archer Armor
26:51 Bodkin Arrow
26:21 Crossbowman
28:50 Kamandaran
29:12 Leather Archer Armor
31:21 Murder Holes
32:04 Ballistics
32:46 Bow Saw
󠀡󠀡󠀡󠀡󠀡󠀡󠀡󠀡
8:48 Feudal Age
9:28 Double-Bit Axe
11:44 Horse Collar
13:19 Wheelbarrow
13:57 Loom
17:13 Castle Age
20:11 Husbandry
20:34 Bow Saw
22:10 Bloodlines
26:32 Caravan
30:50 Tusk Swords
33:06 Hand Cart
32:37 Town Watch
33:51 Stone Mining
33:54 Gold Mining
34:25 Heavy Plow
Nostradamus
0:26 Loom
0:31 Loom
11:39 Feudal Age
21:54 Double-Bit Axe
24:13 Castle Age
22:28 Gold Mining
22:31 Stone Mining
24:38 Wheelbarrow
24:24 Pikeman
25:45 Squires
29:12 Hand Cart
34:33 Elite Skirmisher
35:51 Bow Saw
Saloth Sar
0:28 Loom
11:20 Feudal Age
12:38 Double-Bit Axe
15:55 Castle Age
15:10 Forging
15:09 Scale Barding Armor
20:51 Wheelbarrow
23:06 Hand Cart
24:35 Bow Saw
25:38 Pikeman
26:20 Squires
26:58 Iron Casting
28:33 Fletching
29:16 Bodkin Arrow
32:55 Imperial Age
32:57 Ballistics
32:49 Gold Mining
33:07 Stone Mining
35:28 Ironclad
m.rionegro
0:30 Loom
13:34 Feudal Age
20:06 Arson
19:42 Man-at-Arms
20:37 Double-Bit Axe
20:47 Gold Mining
20:48 Stone Mining
26:44 Castle Age
28:03 Caravan
31:06 Crossbowman
31:09 Pikeman
31:50 Squires
31:36 Gambesons
31:12 Long Swordsman
31:17 Light Cavalry
31:58 Husbandry
Connection lost

Rejoining the realm…

Still unreachable

The connection could not be restored.

Session expired

The server has moved on; the page needs a fresh start.